 Dungeon Crawl Stone Soup version 0.27.1-3-gb3d3a73c9e (webtiles) character file.

Game seed: 108717385236562526

525 Urokeeper the Quickloader (level 7, -2/40 HPs)
             Began as a Kobold Hunter on Oct 12, 2021.
             Killed by nerve-wracking pain
             ... invoked by an orc priest
              (13 damage)
             ... on level 5 of the Dungeon.
             The game lasted 00:14:25 (3476 turns).

Urokeeper the Quickloader (Kobold Hunter)           Turns: 3476, Time: 00:14:26

Health: -2/40      AC:  9    Str:  9    XL:     7   Next: 47%
Magic:  7/7        EV: 13    Int: 12    God:
Gold:   124        SH:  0    Dex: 18    Spells: 6/6 levels left

rFire    . . .     SeeInvis .   b - +0 short sword
rCold    + . .     Faith    .   (shield restricted)
rNeg     . . .     Spirit   .   o - +0 swamp dragon scales
rPois    +         Reflect  .   n - +0 helmet
rElec    .         Harm     .   (no cloak)
rCorr    +         Rampage  .   k - +0 pair of gloves
Will     .....                  (no boots)
Stlth    ++........             d - amulet "Tivoap" {rC+ Regen+ rCorr}
HPRegen  1.13/turn              i - ring of flight
MPRegen  0.10/turn              (no ring)

@: flying
A: small, no large weapons, nightstalker 3
a: no special abilities


You were on level 5 of the Dungeon.
You visited 1 branch of the dungeon, and saw 5 of its levels.

You collected 124 gold pieces.

Inventory:

Hand Weapons
 a - a +1 hand crossbow
 b - a +0 short sword (weapon)
Missiles
 p - 24 bolts
Armour
 c - a +0 leather armour
 e - a +0 kite shield
 k - a +0 pair of gloves (worn)
 n - a +0 helmet (worn)
 o - +0 swamp dragon scales (worn)
Jewellery
 d - the amulet "Tivoap" (around neck) {rC+ Regen+ rCorr}
   (You acquired it on level 4 of the Dungeon)

   [amulet of regeneration]

   rC:        It protects you from cold.
   Regen:     It increases your rate of health regeneration.
   rCorr:     It protects you from acid and corrosion.
 h - an amulet of faith
 i - a ring of flight (left hand)
 m - a ring of willpower
 s - an amulet of reflection
Scrolls
 g - a scroll of amnesia
 r - a scroll of vulnerability
Potions
 f - a potion of magic
 j - 2 potions of curing
 l - a potion of degeneration
 q - a potion of brilliance


   Skills:
 - Level 2.1 Fighting
 + Level 2.2 Short Blades
 - Level 9.8 Crossbows
 - Level 2.4 Dodging
 - Level 1.3 Stealth


You had 6 spell levels left.
You didn't know any spells.
Your spell library contained the following spells:

 Spells                   Type           Power      Damage    Failure   Level
 Beastly Appendage        Tmut           0%         N/A       67%         1
 Wereblood                Tmut           0%         N/A       80%         2
 Spider Form              Tmut/Pois      0%         N/A       95%         3
 Freezing Cloud           Conj/Ice/Air   0%         6-21      100%        5
 Iskenderun's Battlesphe  Conj           0%         2d6       100%        5
 Iron Shot                Conj/Erth      0%         9d1       100%        6
 Simulacrum               Ice/Necr       0%         N/A       100%        6
 Spellforged Servitor     Conj/Summ      0%         N/A       100%        7
 Polar Vortex             Ice            0%         N/A       100%        9


Dungeon Overview and Level Annotations

Branches:
Dungeon (5/15)
 Temple: D:4-7

Altars:

Annotations:
D:4 Dowan, Duvessa


Innate Abilities, Weirdness & Mutations

You are small and have problems with some larger weapons.
You are completely attuned to the shadows.


Message History

The orc priest is lightly wounded.
The orc priest mumbles some strange prayers to Beogh against you.
Beogh smites you!
You hit the orc priest.
The orc priest is moderately wounded.
The orc priest mumbles some strange prayers to Beogh against you.
Pain shoots through your body!
* * * LOW HITPOINT WARNING * * *
You completely miss the orc priest.
The orc priest is moderately wounded.
The orc priest invokes the aid of Beogh against you.
Pain shoots through your body!
* * * LOW HITPOINT WARNING * * *
You hit the orc priest but do no damage.
The orc priest is lightly wounded.
The orc priest calls down the wrath of Beogh upon you.
You struggle to resist.
You hit the orc priest.
The orc priest is moderately wounded.
The orc priest barely misses you.
You hit the orc priest.
The orc priest is moderately wounded.
The orc priest hits you with a +0 hand axe.
* * * LOW HITPOINT WARNING * * *
You hit the orc priest but do no damage.
The orc priest is moderately wounded.
The orc priest barely misses you.
You hit the orc priest.
The orc priest is heavily wounded.
The orc priest hits you with a +0 hand axe.
* * * LOW HITPOINT WARNING * * *
You hit the orc priest.
The orc priest is severely wounded.
The orc priest hits you with a +0 hand axe.
* * * LOW HITPOINT WARNING * * *
You closely miss the orc priest.
The orc priest is severely wounded.
The orc priest invokes the aid of Beogh against you.
Pain shoots through your body!
You die...

#<..)....#
#.#......#
..##.....#
...#......#
###.#.#....#
#.#....#
#......#
######.....
#..)o@†....
#.####.....
######.#
#...<#
.......#
......
.....###
......
.###.# #'#
..! ..o..


You could see an orc priest.

Vanquished Creatures
  Menkaure (D:4)
  A phantom (D:4)
  A water moccasin skeleton (D:5)
  A howler monkey (D:4)
  2 bullfrog zombies
  An iguana (D:4)
  A hound skeleton (D:4)
  4 gnolls (D:4)
  3 adders
  2 dart slugs
  7 orcs
  2 bats
  5 endoplasms
  2 giant cockroaches
  6 goblins
  7 hobgoblins
  3 jackals (D:4)
  A kobold (D:4)
  2 quokkas
  10 ball pythons
  3 frilled lizards
  2 rats
67 creatures vanquished.

Notes
Turn   | Place    | Note
-------+----------+-------------------------------------------
     0 | D:1      | Urokeeper the Kobold Hunter began the quest for the Orb.
     0 | D:1      | Reached XP level 1. HP: 12/12 MP: 1/1
   154 | D:1      | Reached skill level 5 in Crossbows
   216 | D:1      | Reached XP level 2. HP: 17/17 MP: 2/2
   689 | D:2      | Found a faded altar of an unknown god.
   785 | D:2      | Reached XP level 3. HP: 21/21 MP: 3/3
   844 | D:2      | Reached skill level 6 in Crossbows
  1465 | D:3      | Reached XP level 4. HP: 20/26 MP: 4/4
  1727 | D:3      | Reached skill level 7 in Crossbows
  2298 | D:4      | Reached XP level 5. HP: 30/30 MP: 5/5
  2648 | D:4      | Reached skill level 8 in Crossbows
  2833 | D:4      | Reached XP level 6. HP: 24/35 MP: 6/6
  2934 | D:4      | Noticed Menkaure
  2936 | D:4      | Killed Menkaure
  2937 | D:4      | Reached skill level 9 in Crossbows
  2949 | D:4      | Reached XP level 7. HP: 37/40 MP: 7/7
  3105 | D:4      | Noticed Duvessa
  3117 | D:4      | Noticed Dowan
  3132 | D:4      | Identified a scroll of acquirement
  3132 | D:4      | Acquired the amulet "Tivoap" {rC+ Regen+ rCorr}
  3137 | D:4      | HP: 1/40 [Duvessa (6)]
  3372 | D:5      | Entered Level 5 of the Dungeon
  3476 | D:5      | Killed from afar by an orc priest

Illustrated notes

Levels and vault maps discovered:
D:1:      minmay_arrival_split_and_join, layout_rooms
D:2:      layout_rooms, shapermc_ecumenical_altar_starsandcircs
D:3:      layout_loops_ring
D:4:      layout_cave_pools, kennysheep_mini, due_unseen_surprise,
          uniq_menkaure, uniq_duvessa
D:5:      layout_basic, nicolae_qazlal_general_emergency, uniq_prince_ribbit1

Skill      XL: |  1  2  3  4  5  6  7 |
---------------+----------------------+-----
Crossbows      | 5 6 7 8 9 |  9.8
Short Blades   | 2 |  2.2
Fighting       | |  2.1
Dodging        | |  2.4
Stealth        | |  1.3

Action                   |  1- 3 |  4- 6 |  7- 9 || total
-------------------------+-------+-------+-------++-------
Melee: Short sword       |       |     1 |    97 ||    98
 Fire: Hand crossbow     |    56 |    83 |    21 ||   160
Throw: Throwing net      |       |       |     3 ||     3
Evoke: Wand              |       |     4 |     2 ||     6
  Use: Scroll            |     2 |     6 |     1 ||     9
       Potion            |       |     1 |     1 ||     2
Armor: Leather armour    |     2 |       |       ||     2
       Swamp dragon scal |     5 |    13 |    51 ||    69
Dodge: Dodged            |    13 |    27 |    92 ||   132
Block: Other             |       |     2 |    12 ||    14
